Map: Ruins of Seras

Players

NightEnD - Winner!

  • Race: Protoss Protoss
  • League: Master

Beastyqt

  • Race: Terran Terran
  • League: Diamond

Event: ASL Season 5 Prime League LOTV Beta

VOD

Have the link to the VOD?

Description

Time

  • Played on: Sept. 22, 2015, 6:33 p.m.
  • Length: 13:58

All games in this series

Show
View Real Time Build Order
Export as new Build Order

NightEnD Protoss - Winner!

Build Orders: Oracle Opening 

Get SALT Encoding   

  12  0:01  Probe (Chrono Boost)  
  13  0:11  Probe (Chrono Boost)  
  14  0:18  Pylon  
  14  0:22  Probe (Chrono Boost)  
  15  0:35  Probe (Chrono Boost)  
  15  0:38  Gateway  
  16  0:45  Probe (Chrono Boost)  
  16  0:48  Assimilator  
  17  0:55  Probe (Chrono Boost)  
  18  1:05  Probe (Chrono Boost)  
  19  1:15  Probe (Chrono Boost), Pylon  
  20  1:25  Probe (Chrono Boost)  
  20  1:27  Cybernetics Core  
  21  1:33  Zealot  
  21  1:35  Probe (Chrono Boost)  
  24  1:45  Probe (Chrono Boost)  
  25  1:55  Probe (Chrono Boost)  
  25  1:57  Assimilator  
  26  2:02  Pylon  
  26  2:05  Probe (Chrono Boost)  
  27  2:15  Mothership Core (Chrono Boost)  
  29  2:24  Nexus  
  29  2:35  Probe (Chrono Boost)  
  30  2:37  Stargate  
  30  2:44  Probe (Chrono Boost)  
  30  2:47  Adept  
  30  2:49  Warp Gate  
  33  2:54  Probe (Chrono Boost)  
  34  3:02  Pylon  
  34  3:04  Probe (Chrono Boost)  
  35  3:14  Probe (Chrono Boost)  
  35  3:16  Adept  
  35  3:18  Oracle (Chrono Boost)  
  38  3:25  Probe  
  42  3:34  Probe  
  42  3:37  Probe  
  42  3:39  Robotics Facility  
  44  3:45  Probe, Adept (Chrono Boost)  
  47  3:55  Probe  
  47  3:56  Probe  
  44  4:03  Pylon  
  44  4:06  Probe  
  44  4:07  Probe  
  39  4:10  Adept (Chrono Boost)  
  39  4:16  Probe  
  30  4:19  Probe  
  31  4:26  Probe (Chrono Boost)  
  31  4:29  Observer  
  31  4:31  Probe (Chrono Boost)  
  31  4:37  Probe (Chrono Boost)  
  33  4:42  Probe (Chrono Boost)  
  34  4:47  Probe (Chrono Boost)  
  34  4:51  Probe (Chrono Boost)  
  34  4:57  Probe (Chrono Boost)  
  35  5:01  Probe (Chrono Boost)  
  35  5:03  Oracle  
  39  5:07  Probe (Chrono Boost)  
  39  5:11  Probe (Chrono Boost)  
  41  5:17  Probe (Chrono Boost), Adept  
  41  5:19  Warp Prism  
  46  5:21  Probe (Chrono Boost)  
  46  5:22  Assimilator  
  46  5:26  Assimilator  
  46  5:27  Probe (Chrono Boost)  
  48  5:33  Probe (Chrono Boost)  
  49  5:38  Probe (Chrono Boost)  
  50  5:43  Probe (Chrono Boost)  
  50  5:46  Adept, Pylon  
  50  5:48  Probe (Chrono Boost)  
  54  5:53  Probe (Chrono Boost)  
  55  5:57  Probe (Chrono Boost)  
  55  6:02  Observer (Chrono Boost)  
  55  6:04  Probe  
  55  6:06  Probe  
  55  6:16  Probe x2  
  56  6:26  Adept  
  56  6:28  Probe x2  
  60  6:38  Probe  
  60  6:40  Probe  
  62  6:48  Probe  
  62  6:50  Gateway x2  
  62  6:52  Gateway  
  63  6:54  Pylon x2  
  63  6:59  Pylon  
  63  7:06  Probe  
  63  7:08  Probe  
  55  7:16  Probe  
  55  7:20  Probe  
  55  7:22  Twilight Council, Forge  
  57  7:26  Probe, Forge  
  58  7:30  Adept  
  58  7:31  Immortal (Chrono Boost)  
  58  7:33  Probe  
  58  7:36  Pylon  
  65  7:38  Probe  
  65  7:40  Gateway  
  65  7:43  Gateway  
  66  7:52  Stalker, Adept x3  
  66  7:55  Probe  
  66  7:57  Probe  
  76  8:02  Pylon  
  76  8:03  Nexus  
  76  8:18  Adept  
  78  8:21  Adept x2  
  78  8:25  Adept  
  66  8:42  Adept  
  66  8:43  Adept x2  
  66  8:46  Adept  
  74  8:51  Gateway  
  74  8:54  Shield Upgrade (Chrono Boost)  
  74  8:55  Gateway  
  74  8:57  Gateway  
  74  8:58  Warp Prism  
  74  9:09  Adept x4  
  84  9:12  Pylon  
  84  9:14  Pylon  
  84  9:25  Gateway x2  
  84  9:35  Adept x6  
  96  9:39  Blink (Chrono Boost)  
  96  9:54  Stalker x3  
  102  10:00  Adept  
  102  10:01  Adept x3  
  110  10:18  Adept x2  
  112  10:29  Stalker x3  
  112  10:30  Stalker x4  
  112  10:35  Pylon  
  126  10:36  Pylon  
  126  10:50  Adept x4  
  124  11:13  Adept x4  
  124  11:18  Adept x6  
  108  11:19  Adept  
  111  11:32  Observer  
  111  11:36  Adept x3  
  111  11:37  Adept  
  111  11:39  Adept x7  
  134  12:07  Adept x5  
  134  12:08  Adept x3  
  138  12:15  Adept x3  
  88  12:29  Adept x4  
  86  12:30  Adept x4  
  94  12:41  Adept x2  
  94  12:42  Adept  
  100  12:52  Adept x5  
  110  13:01  Adept x3  
  116  13:14  Adept x3  
  116  13:15  Adept  
  116  13:18  Adept  
  122  13:32  Adept x5  
  108  13:43  Adept x3  
  108  13:44  Adept  
Show
View Real Time Build Order
Export as new Build Order

Beastyqt Terran 

Build Orders: 1/1/1, MMM Bio, Widow Mine Drop 

Get SALT Encoding   

  12  0:01  SCV  
  13  0:13  SCV  
  14  0:18  Supply Depot  
  14  0:25  SCV  
  15  0:29  Refinery  
  15  0:39  SCV  
  16  0:45  Barracks  
  16  0:51  SCV  
  17  1:03  SCV  
  18  1:16  SCV  
  19  1:32  Factory  
  19  1:33  Orbital Command  
  19  1:35  Supply Depot, Marine  
  20  1:53  Marine  
  21  1:56  Engineering Bay  
  21  1:59  SCV  
  22  2:04  Supply Depot  
  22  2:11  SCV, Marine  
  24  2:17  Starport, Widow Mine  
  26  2:24  SCV  
  26  2:29  Marine  
  28  2:32  Supply Depot  
  28  2:36  SCV  
  28  2:46  Hellion  
  28  2:47  Marine  
  28  2:48  SCV  
  32  2:54  Medivac  
  34  3:00  SCV  
  34  3:04  Marine  
  36  3:08  Hellion  
  36  3:12  SCV  
  39  3:21  Command Center  
  39  3:24  Barracks Reactor  
  39  3:27  SCV  
  40  3:29  Widow Mine  
  42  3:35  Supply Depot  
  42  3:38  Refinery  
  42  3:40  SCV  
  43  3:52  SCV  
  43  4:03  Barracks  
  43  4:05  Barracks  
  43  4:09  SCV  
  42  4:10  Marine x2  
  42  4:11  Widow Mine  
  41  4:23  SCV  
  41  4:33  Marine x2  
  41  4:34  Medivac  
  41  4:38  SCV  
  46  4:44  Widow Mine  
  48  4:51  SCV  
  49  4:55  Engineering Bay  
  49  4:57  Barracks Tech Lab x2  
  47  5:01  Marine  
  47  5:02  Marine  
  47  5:03  SCV  
  50  5:12  Barracks  
  50  5:13  Barracks  
  50  5:18  Stimpack, Marine x2  
  52  5:25  Bunker, Missile Turret  
  52  5:29  Marine x2  
  54  5:38  Marine  
  54  5:39  Marine  
  54  5:40  SCV  
  56  5:48  Terran Infantry Weapons Level 1, Marine  
  56  5:54  Marine  
  57  5:58  Marine  
  58  6:06  Viking  
  58  6:10  Combat Shields  
  60  6:24  Orbital Command  
  56  6:26  Marine  
  56  6:30  Marine x2  
  59  6:33  SCV  
  59  6:34  Marine  
  58  6:45  SCV  
  59  6:49  Marine  
  59  6:50  Marine x2  
  59  6:51  SCV  
  63  6:57  SCV  
  63  7:00  Marine x2  
  66  7:03  SCV  
  60  7:09  SCV  
  60  7:12  Marine x2  
  62  7:15  SCV  
  62  7:18  Barracks Reactor, Barracks Tech Lab  
  62  7:21  SCV, Starport Reactor  
  62  7:22  Factory Reactor  
  63  7:26  Missile Turret  
  63  7:28  Marine x2  
  65  7:30  Marine x2  
  65  7:33  SCV  
  68  7:39  Concussive Shells  
  68  7:40  Marauder  
  70  7:47  Supply Depot  
  70  7:52  Supply Depot  
  70  7:57  Supply Depot  
  70  7:59  Terran Infantry Armor Level 1  
  70  8:08  SCV  
  70  8:09  SCV, Ghost Academy  
  70  8:18  Marine x6  
  70  8:19  Marauder  
  62  8:35  Medivac x2  
  62  8:36  Marauder x2, Marine x2  
  62  8:40  Marauder  
  73  8:45  SCV, Refinery  
  73  8:46  Refinery, Marine x2  
  69  8:54  Marine x2  
  69  8:57  Marine x2  
  71  9:05  Medivac  
  71  9:06  Ghost  
  75  9:12  Medivac  
  75  9:15  Ghost  
  79  9:24  Supply Depot  
  79  9:26  Missile Turret  
  79  9:28  Armory  
  79  9:29  Supply Depot  
  79  9:34  Marauder, Marine  
  79  9:35  Marauder  
  79  9:37  Marine x2  
  86  9:43  Widow Mine x2  
  90  9:53  Marauder, Marine x2  
  90  9:55  Marine  
  90  9:59  Supply Depot  
  95  10:01  Supply Depot  
  95  10:02  Medivac  
  95  10:06  Marauder, Marine  
  99  10:15  Marine, Marauder  
  104  10:21  Marauder  
  104  10:23  SCV  
  105  10:39  Ghost  
  105  10:41  Ghost  
  109  10:48  Supply Depot  
  109  10:54  Supply Depot  
  107  11:05  Marauder, Marine  
  107  11:09  Marauder  
  107  11:10  Marauder  
  107  11:18  Marine x2  
  101  11:24  Marine x2  
  103  11:27  Marauder  
  103  11:30  Marine  
  103  11:32  Supply Depot  
  106  11:36  Marine x2  
  105  12:01  Marine  
  105  12:02  Marauder, Marine  
  105  12:03  Medivac x2  
  105  12:08  Marine  
  89  12:19  Marine  
  75  12:27  Marine  
  75  12:28  Marine  
  77  12:35  Marine  
  78  12:43  Marine x2  
  78  12:51  Marine x3  
  81  13:00  Marine x2  
  81  13:07  Marine  
  74  13:28  Marine  
  74  13:29  Marine x4  
  74  13:30  Marine  
  74  13:33  Marine  
Tags
 
Add a new tag
Caveats
  • Supply blocks, unpowered buildings, or Contaminate may cause inaccurate times.
  • Supply counts are checked every 10 seconds.